 Dungeon Crawl Stone Soup version 0.23-a0-814-g91b4073 (webtiles) character file.

5 tidbits the Covered (level 1, -5/17 HPs)
             Began as a Gnoll Wanderer on Jan 21, 2019.
             Killed from afar by a dart slug (6 damage)
             ... with a slug dart
             ... on level 1 of the Dungeon.
             The game lasted 00:01:46 (147 turns).

tidbits the Covered (Gnoll Wanderer)                 Turns: 147, Time: 00:01:47

Health: -5/17      AC:  3    Str: 17    XL:     1   Next: 80%
Magic:  4/4        EV: 11    Int: 16    God:
Gold:   0          SH:  0    Dex: 14    Spells: 4/5 levels left

rFire    . . .     SeeInvis .   a - +2 mace
rCold    . . .     Gourm    .   (no shield)
rNeg     . . .     Faith    .   B - +0 leather armour
rPois    .         Spirit   .   (no helmet)
rElec    .         Reflect  .   (no cloak)
rCorr    .         Harm     .   (no gloves)
MR       .....                  (no boots)
Stlth    +.........             (no amulet)
HPRegen  0.05/turn              (no ring)
MPRegen  0.09/turn              (no ring)

@: mighty
A: distributed training, fangs 1, strong nose
a: no special abilities


You were on level 1 of the Dungeon.
You were full.

You visited 1 branch of the dungeon, and saw 2 of its levels.

Inventory:

Hand Weapons
 a - a +2 mace (weapon)
 g - a +0 blowgun
Missiles
 f - 10 poisoned needles
 h - 35 bolts
Armour
 d - a +0 robe
 B - a +0 leather armour (worn)
Scrolls
 e - a scroll of amnesia {unknown}
Comestibles
 c - 2 rations


   Skills:
 + Level 2.4 Fighting
 + Level 0.1 Short Blades
 + Level 0.1 Long Blades
 + Level 0.1 Axes
 + Level 4.4 Maces & Flails
 + Level 0.1 Polearms
 + Level 0.1 Staves
 + Level 0.1 Slings
 + Level 0.1 Bows
 + Level 0.1 Crossbows
 + Level 4.4 Throwing
 + Level 4.4 Armour
 + Level 0.1 Dodging
 + Level 0.1 Stealth
 + Level 0.1 Shields
 + Level 0.1 Unarmed Combat
 + Level 2.6 Spellcasting
 + Level 0.1 Conjurations
 + Level 0.1 Hexes
 + Level 0.1 Charms
 + Level 0.1 Summonings
 + Level 0.1 Necromancy
 + Level 0.1 Translocations
 + Level 0.1 Transmutations
 + Level 0.1 Fire Magic
 + Level 0.1 Ice Magic
 + Level 2.0 Air Magic
 + Level 2.0 Earth Magic
 + Level 0.1 Poison Magic
 + Level 0.2 Invocations
 + Level 0.1 Evocations


You had 4 spell levels left.
You knew the following spells:

 Your Spells              Type           Power        Failure   Level  Hunger
n - Animate Skeleton      Necr           N/A          22%         1    #......

Your spell library contained the following spells:

 Spells                   Type           Power        Failure   Level  Hunger
 Regeneration             Chrm/Necr      #.........   54%         3    ###....


Dungeon Overview and Level Annotations

Branches:
Dungeon (2/15)

Altars:


Innate Abilities, Weirdness & Mutations

Your experience applies equally to all skills.
You have very sharp teeth.
Your uncanny sense of smell can sniff out nearby items.


Message History

B - a +0 leather armour (worn);
d - a +0 robe Unknown command.
Unknown command.
Unknown command.
A rat comes into view.
You hit the rat. You bite the rat, but do no damage.
The rat is heavily wounded.
The rat bites you.
You hit the rat.
You kill the rat!
You see here a rat corpse.
A bat comes into view.
Found a scroll labeled MIWETEUCVA and 18 bolts.
Unknown command.
Unknown command.
The bat hits you but does no damage.
Unknown command.
You closely miss the bat. The bat hits you but does no damage.
A bat comes into view.
The bat closely misses you.
You hit the bat.
You kill the bat!
The bat hits you but does no damage. x2
You see here a scroll labeled MIWETEUCVA.
Unknown command.
You barely miss the bat. Your bite misses the bat. The bat barely misses you.
e - a scroll labeled MIWETEUCVA The bat closely misses you.
You miss the bat. You bite the bat, but do no damage.
The bat hits you but does no damage. x2
You barely miss the bat. The bat barely misses you. The bat closely misses you.
You barely miss the bat. The bat misses you.
You hit the bat.
The bat is severely wounded.
The bat closely misses you. x2
You closely miss the bat.
The bat is severely wounded.
The bat hits you.
You barely miss the bat.
The bat is severely wounded.
The bat hits you. x2; The bat barely misses you.
You barely miss the bat.
The bat is severely wounded.
The bat hits you. The bat barely misses you.
You sock the bat!
You kill the bat!
Found a stone staircase leading down.
A goblin comes into view. It is wielding a +0 dagger.
Found 17 bolts.
Unknown command.
Unknown command.
The goblin shouts!
You see here 17 bolts.
h - 17 bolts The goblin hits you with a +0 dagger.
Unknown command.
You barely miss the goblin. You bite the goblin, but do no damage.
The goblin hits you with a +0 dagger.
* * * LOW HITPOINT WARNING * * *
You barely miss the goblin. The goblin hits you with a +0 dagger.
* * * LOW HITPOINT WARNING * * *
You barely miss the goblin. The goblin hits you with a +0 dagger.
* * * LOW HITPOINT WARNING * * *
You thump the goblin!
You kill the goblin!
Things that are here:
a +0 dagger; a goblin corpse
There is a stone staircase leading down here.
You climb downwards.
A hobgoblin comes into view. It is wielding a +0 club.
There is a stone staircase leading up here.
Unknown command.
The helpless hobgoblin fails to defend itself.
You sock the hobgoblin!
You kill the hobgoblin!
Your Air Magic skill increases to level 2!
Your Earth Magic skill increases to level 2!
As you open the door, it creaks loudly!
Unknown command.
There is an open door here.
There is a stone staircase leading up here.
You climb upwards.
There is a stone staircase leading down here.
Unknown command.
You see here 18 bolts.
h - 35 bolts (gained 18)
Found a ration.
You see here a ration.
You eat the ration.
That ration really hit the spot!
A dart slug comes into view.
Unknown command.
The dart slug launches a dart at you. The slug dart hits you!
* * * LOW HITPOINT WARNING * * *
It was a potion of might.
You feel very mighty all of a sudden. The dart slug launches a dart at you.
The slug dart hits you.
You die...

..............#.#
#.........###.#.#
#...........#.#.#
#.........#)#.#.#
........>...#.#.#
..........###.#.#
...#..........#.#
...############.#
. .....w.@...#.#
##########.#.#
#...# #####


You could see a dart slug.

Vanquished Creatures
  A hobgoblin (D:2)
  2 bats (D:1)
  2 goblins (D:1)
  A rat (D:1)
6 creatures vanquished.

Notes
Turn   | Place    | Note
-------+----------+-------------------------------------------
     0 | D:1      | tidbits the Gnoll Wanderer began the quest for the Orb.
     0 | D:1      | tidbits set off with the following items: a +2 mace, 10
                  | poisoned needles, a +0 blowgun, a +0 robe, a ration; and
                  | the following spell memorised: Animate Skeleton; and the
                  | following spells available to memorise: Regeneration
     0 | D:1      | Reached XP level 1. HP: 17/17 MP: 4/4
   107 | D:2      | Reached skill level 2 in Air Magic
   107 | D:2      | Reached skill level 2 in Earth Magic
   146 | D:1      | HP: 1/17 [dart slug/slug dart (7)]
   147 | D:1      | Killed from afar by a dart slug

Vault maps used:
D:1:      dpeg_arrival_oval, dk_noncrumbling_4, minivault_5
D:2:      kennysheep_six_static_rooms

Skill      XL: |  1 |
---------------+----+-----
Air Magic      | 2 |  2.0
Earth Magic    | 2 |  2.0
Fighting       | |  2.4
Short Blades   | |  0.1
Long Blades    | |  0.1
Axes           | |  0.1
Maces & Flails | |  4.4
Polearms       | |  0.1
Staves         | |  0.1
Slings         | |  0.1
Bows           | |  0.1
Crossbows      | |  0.1
Throwing       | |  4.4
Armour         | |  4.4
Dodging        | |  0.1
Stealth        | |  0.1
Shields        | |  0.1
Unarmed Combat | |  0.1
Spellcasting   | |  2.6
Conjurations   | |  0.1
Hexes          | |  0.1
Charms         | |  0.1
Summonings     | |  0.1
Necromancy     | |  0.1
Translocations | |  0.1
Transmutations | |  0.1
Fire Magic     | |  0.1
Ice Magic      | |  0.1
Poison Magic   | |  0.1
Invocations    | |  0.2
Evocations     | |  0.1

Action                   || total
-------------------------++-------
Melee: Mace              ||    23
       Bite              ||     3
  Use: Potion            ||     1
 Stab: Sleeping          ||     1
  Eat: Ration            ||     1
Armor: Leather armour    ||     6
Dodge: Dodged            ||    13

Table legend:
 A = Non-vault XP
 B = Vault XP
 C = Vault XP percentage of total XP
 D = Non-vault monster count
 E = Vault monster count
 F = Vault count percentage of total count
                 A         B        C        D         E       F
            +---------+---------+-------+---------+---------+-------
      Total |       8 |       0 |   0.0 |       6 |       0 |   0.0
            +---------+---------+-------+---------+---------+-------
        D:1 |       6 |       0 |   0.0 |       5 |       0 |   0.0
        D:2 |       2 |       0 |   0.0 |       1 |       0 |   0.0
            +---------+---------+-------+---------+---------+-------

Table legend:
 A = Turns spent in this place as a percentage of turns spent in the entire game.
 B = Non-inter-level travel turns spent in this place as a percentage of non-inter-level travel turns spent in the entire game.
 C = Inter-level travel turns spent in this place as a percentage of turns spent in this place.
 D = Turns resting spent in this place as a percentage of non-inter-level travel turns spent in this place.
 E = Turns spent auto-exploring this place as a percentage of non-inter-level travel turns spent in this place.
 F = Non-inter-level travel turns spent in this place divided by the number of levels of this place that you've seen.
                   A       B       C       D       E      F
               +-------+-------+-------+-------+-------+----------------------
         Total | 100.0 | 100.0 |   0.0 |   0.0 |   0.0 |  73.5
       Dungeon | 100.0 | 100.0 |   0.0 |   0.0 |   0.0 |  73.5
               +-------+-------+-------+-------+-------+----------------------

Table legend:
 A = Kills in this place as a percentage of kills in entire the game.
 B = Kills by you in this place as a percentage of kills by you in the entire game.
 C = Kills by friends in this place as a percentage of kills by friends in the entire game.
 D = Other kills in this place as a percentage of other kills in the entire game.
 E = Experience gained in this place as a percentage of experience gained in the entire game.
 F = Experience gained in this place divided by the number of levels of this place that you have seen.
                   A       B       C       D       E      F
               +-------+-------+-------+-------+-------+----------------------
         Total | 100.0 | 100.0 |   N/A |   N/A | 100.0 |   4.0
       Dungeon | 100.0 | 100.0 |   N/A |   N/A | 100.0 |   4.0
               +-------+-------+-------+-------+-------+----------------------

Vault maps used:
D:1:      dpeg_arrival_oval, dk_noncrumbling_4, minivault_5
D:2:      kennysheep_six_static_rooms
